 Dungeon Crawl Stone Soup version 0.15-a0-1766-g0ee8742 (webtiles) character file.

271392 PolkaDot the Imperceptible (level 19, -9/140 HPs)
             Began as a Vampire Enchanter on June 27, 2014.
             Was the Champion of Ashenzari.
             Killed from afar by a tengu reaver (36 damage)
             ... with a fireball
             ... led by Sojobo
             ... on Level 4 of the Vaults on June 28, 2014.
             The game lasted 04:03:14 (45888 turns).

PolkaDot the Imperceptible (Vampire Enchanter)     Turns: 45888, Time: 04:03:15

HP  -9/140       AC 20     Str 11      XL: 19   Next: 83%
MP  35/37        EV 25     Int 28      God: Ashenzari [******]
Gold 833         SH  6     Dex 14      Spells: 12 memorised,  6 levels left

rFire  . . .     SeeInvis +     e - +5 dagger (vamp) (curse)
rCold  + + +     Clarity  +     L - +2 robe {MR+} (curse)
rNeg   + + +     rCorr    .     Y - +0 buckler (curse)
rPois  +         rRot     +     m - +2 helmet of Decompression {rN+}
rElec  .         Spirit   .     H - +1 cloak (curse)
SustAb .         Warding  .     r - +2 pair of gloves (curse)
rMut   +         Stasis   .     g - +2 pair of boots (curse)
Gourm  .                        M - cursed amulet of resist mutation
MR     ++...                    N - cursed +5 ring of protection
                                z - cursed ring "Bops" {EV+4 Str+4 Int+5}

@: bloodless, non-regenerating, studying Stealth, very resistant to hostile
enchantments, uncannily stealthy
A: bottle blood, fangs 3, see invisible, cold resistance 1, unbreathing
a: Bat Form, Bottle Blood, Scrying, Transfer Knowledge, Renounce Religion
}: 1/15 runes: decaying


You were on level 4 of the Vaults.
You worshipped Ashenzari.
Ashenzari was exalted by your worship.
You were bloodless.

You visited 6 branches of the dungeon, and saw 38 of its levels.
You visited 1 bazaar.
You also visited: Labyrinth, Ossuary and Bailey.

You collected 2647 gold pieces.
You spent 1814 gold pieces at shops.

Inventory:

Hand weapons
 e - a cursed +5 vampiric dagger (weapon)
 G - a +2 cutlass of electrocution
Missiles
 d - 2 throwing nets (quivered)
Armour
 g - a cursed +2 pair of boots (worn)
 m - the cursed +2 helmet of Decompression (worn) {rN+}
   (You acquired it on level 1 of the Lair of Beasts)

   It protects you from negative energy.
   It has a curse placed upon it.
 r - a cursed +2 pair of gloves (worn)
 H - a cursed +1 cloak (worn)
 L - a cursed +2 robe of magic resistance (worn)
 Y - a cursed +0 buckler (worn)
Magical devices
 c - a wand of fireball (3)
 p - a wand of digging (7)
 u - a wand of fire (11)
Scrolls
 a - 19 scrolls of teleportation
 b - a scroll of torment
 f - 17 scrolls of curse armour
 i - 4 scrolls of recharging
 j - 4 scrolls of magic mapping
 k - 8 scrolls of amnesia
 o - 6 scrolls of fog
 t - 6 scrolls of fear
 v - 8 scrolls of immolation
 x - 4 scrolls of vulnerability
 y - 15 scrolls of identify
 A - 3 scrolls of summoning
 B - 7 scrolls of blinking
 E - 4 scrolls of curse weapon
 K - 14 scrolls of remove curse
 W - 3 scrolls of silence
Jewellery
 z - the cursed ring "Bops" (left hand) {EV+4 Str+4 Int+5}
   (You found it on level 6 of the Dungeon)

   [ring of evasion]

   It affects your evasion (+4).
   It affects your strength (+4).
   It affects your intelligence (+5).
   It has a curse placed upon it.
 M - a cursed amulet of resist mutation (around neck)
 N - a cursed +5 ring of protection (right hand)
 O - an uncursed ring of protection from magic
Potions
 h - 2 potions of resistance
 l - 9 potions of restore abilities
 n - 4 potions of flight
 q - 14 potions of curing
 w - 5 potions of heal wounds
 C - 5 potions of haste
 D - 9 potions of brilliance
 J - a potion of invisibility
Books
 F - a manual of Stealth
 I - a book of Enchantments

   Spells                             Type                      Level
   Tukima's Dance                     Hexes                        3
   Cause Fear                         Hexes                        4
   Silence                            Hexes/Air                    5
   Deflect Missiles                   Charms/Air                   6
   Haste                              Charms                       6
   Discord                            Hexes                        8
 P - a book of Debilitation

   Spells                             Type                      Level
   *Corona                            Hexes                        1
   Slow                               Hexes                        2
   Inner Flame                        Hexes/Fire                   3
   *Enslavement                       Hexes                        4
   Cause Fear                         Hexes                        4
   Leda's Liquefaction                Hexes/Earth                  4
 S - a book of Dreams

   Spells                             Type                      Level
   *Ensorcelled Hibernation           Hexes/Ice                    2
   *Flight                            Charms/Air                   3
   Phase Shift                        Translocation                5
   Shadow Creatures                   Summoning                    5
   Mass Confusion                     Hexes                        6
   *Darkness                          Hexes                        7


   Skills:
 - Level 10.0 Fighting
 - Level 14.7(18.7) Short Blades
 - Level 10.6(14.8) Dodging
 - Level 23.8(27) Stealth
 - Level 5.2(8.2) Shields
 * Level 12.6 Spellcasting
 - Level 23.8(27) Hexes
 - Level 11.5(15.7) Charms
 - Level 4.7(9.1) Translocations
 - Level 4.0(8.2) Transmutations
 - Level 1.1(3.7) Ice Magic


You had 6 spell levels left.
You knew the following spells:

 Your Spells              Type           Power        Failure   Level  Hunger
a - Corona                Hex            #######      0%          1    None
b - Sure Blade            Hex/Chrm       #######...   0%          2    None
c - Confuse               Hex            ########     0%          3    None
d - Ensorcelled Hibernat  Hex/Ice        ######       0%          2    None
e - Enslavement           Hex            ########     0%          4    None
i - Invisibility          Hex            ########     0%          6    ####...
p - Passwall              Trmt/Erth      #####.....   1%          3    None
q - Blink                 Tloc           N/A          1%          2    None
s - Dazzling Spray        Conj/Hex       #######.     1%          3    None
A - Apportation           Tloc           ######....   1%          1    None
F - Flight                Chrm/Air       ######....   1%          3    None
S - Darkness              Hex            ########..   1%          7    ######.


Dungeon Overview and Level Annotations

Branches:
Dungeon (15/15)            Temple (1/1) D:7             Orc (0/4) D:12
   Lair (8/8) D:11          Swamp (5/5) Lair:6        Snake (5/5) Lair:5
  Slime (0/6) Lair:8       Vaults (4/5) D:13          Crypt (0/3) Vaults:3
 Depths (0/5) D:15

Altars:
Ashenzari
Cheibriados
Dithmenos
Elyvilon
Fedhas
Gozag
Kikubaaqudgha
Makhleb
Nemelex Xobeh
Okawaru
Qazlal
Sif Muna
Trog
Vehumet
Xom
Yredelemnul
Zin
The Shining One

Shops:
D:13 }   Snake:2 [   Snake:4 (   Vaults:1 *   Vaults:2 [

Portals:
Trove: D:11 (give 7 potions of haste)

Annotations:
Vaults:4 Sojobo


Innate Abilities, Weirdness & Mutations

You do not heal naturally.
You can bottle blood from corpses.
You have razor-sharp teeth.*
You have supernaturally acute eyesight.
You can survive without breathing.*
Your flesh is cold resistant.*


Message History

Use which ability? (? or * to list)
Your transformation has ended.
Your cursed +5 vampiric dagger unmelds from your body.
You feel a bloodthirsty glee!
Your cursed +1 cloak unmelds from your body.
The cursed +2 helmet of Decompression {rN+} unmelds from your body.
Your cursed +2 pair of gloves unmelds from your body.
Your cursed +2 pair of boots unmelds from your body.
Your cursed +0 buckler unmelds from your body.
Your cursed +2 robe of magic resistance unmelds from your body.
You feel resistant to hostile enchantments.
The cursed ring "Bops" {EV+4 Str+4 Int+5} unmelds from your body.
Oops, that ring feels deathly cold.
z - the cursed ring "Bops" (left hand) {EV+4 Str+4 Int+5} Your cursed +5 ring of protection unmelds from your body.
Oops, that ring feels deathly cold.
N - a cursed +5 ring of protection (right hand)
The tengu reaver gestures at you while chanting.
The fireball explodes!
The fireball engulfs you!
You die...

,,#......# * ,, , *,, ,,,,
+......# , ,,,, , ,,, ,,+,
#......# * ,, , * * **
,+..<...# *,,, ,, * , #......#
*, ,,, * , **#......# *, , ,
*, *####'#'##########+######*
* {#....#.........)..Q......,,
,,
{,#....#........@...*..QQ..,,,
, { #....#...#########...###.
** , #....#...#,,,∆, , ..# , ,
, +#####...# , ,,,*, .# , ,,,,
,{,,{ #...# , ,,, ,, # ,, , ,
, ,,, #...#, , , ,*,,, , ,, ,
**#...# ,, , ,+ , , , ,, ,
,#...# , ,, , ,*,, , , ,,* ,,
..#** * ** , , ** ** *


You could see Sojobo and 2 tengu reavers.

Vanquished Creatures
  Saint Roka (Snake:4)
  the Lernaean hydra (Swamp:5)
  Nikola (Swamp:2)
  A tentacled monstrosity (Vaults:3)
  Vashnia (Snake:3)
  Rupert (Swamp:2)
  Agnes (Swamp:2)
  Kirke (Swamp:3)
  A fire giant (Vaults:3)
  Donald (Swamp:1)
  Wiglaf (Snake:4)
  2 greater nagas (Snake:4)
  3 frost giants (Vaults:3)
  Aizul (Snake:1)
  A ghost moth (shapeshifter) (Vaults:3)
  13 vault wardens
  Gastronok (D:10)
  A war gargoyle (Vaults:3)
  3 stone giants
  A deep elf demonologist (Vaults:3)
  A deep elf annihilator (Vaults:3)
  Azrael (Snake:4)
  2 ettins
  Snorg (Snake:5)
  A minotaur (Lab)
  4 vault guards (Vaults:1)
  A yaktaur captain (Vaults:3)
  A fire dragon (Vaults:3)
  10 ironheart preservers
  3 great orbs of eyes
  Fannar (D:12)
  A rakshasa (Vaults:1)
  21 hydras
  15 naga warriors
  3 deep troll earth magi
  4 anacondas
  Erica (Lair:1)
  A shambling mangrove (Swamp:2)
  5 alligators
  2 deep troll shamans
  A tengu warrior (D:15)
  20 death yaks
  5 ogre magi
  4 centaur warriors
  8 naga sharpshooters
  Urug (D:12)
  10 shock serpents
  A fire crab (shapeshifter) (Vaults:3)
  7 very ugly things
  Nergalle (Lair:3)
  3 catoblepae (Lair:8)
  A deep elf knight (Bailey)
  5 red wasps
  A giant orange brain (Vaults:1)
  A spriggan druid (Swamp:4)
  6 orc knights
  6 unseen horrors
  An unseen horror (shapeshifter) (Vaults:2)
  15 swamp dragons
  3 wizards
  17 deep trolls
  3 deep elf conjurers
  10 hill giants
  A shadow dragon zombie (Vaults:3)
  6 naga ritualists
  10 ironbrand convokers
  A lindwurm (Snake:5)
  A tengu zombie (Vaults:3)
  4 necromancers
  A manticore (D:14)
  6 griffons
  A salamander (shapeshifter) (Vaults:3)
  3 orc sorcerers
  12 salamanders
  4 wolf spiders
  8 mana vipers
  2 cyclopes
  20 elephants
  3 vault sentinels
  A guardian serpent (shapeshifter) (Vaults:3)
  4 human skeletons (Vaults:3)
  26 black mambas
  17 naga magi
  A queen ant (Lair:7)
  2 guardian serpents
  3 feature mimics
  3 gargoyles
  A torpor snail (Lair:7)
  8 trolls
  2 efreet
  A centaur zombie (D:12)
  29 yaktaurs
  A kobold demonologist (D:11)
  4 fire drakes
  5 freezing wraiths
  22 spiny frogs
  4 deep elf priests
  7 komodo dragons
  A jumping spider (shapeshifter) (Vaults:3)
  3 polar bears
  9 giant leeches
  A silent spectre (Vaults:3)
  8 two-headed ogres
  9 bog bodies
  A tengu simulacrum (Vaults:3)
  4 baby alligators
  A troll (shapeshifter) (Vaults:2)
  28 blink frogs
  A trapdoor spider (D:11)
  2 boulder beetles
  7 deep elf magi
  3 basilisks
  17 slime creatures
  6 ravens
  2 shadows
  An ettin skeleton (Vaults:3)
  9 wyverns
  2 redbacks (Vaults:3)
  A fire elemental (Snake:4)
  A fire bat (shapeshifter) (Vaults:2)
  A wraith (D:11)
  11 deep elf fighters
  8 spriggans
  44 ugly things
  2 hill giant zombies
  A yaktaur simulacrum (Vaults:3)
  2 hungry ghosts (D:14)
  A steam dragon (D:13)
  4 vampires
  14 hippogriffs
  30 yaks
  2 wargs
  2 mottled dragons
  23 wolves
  29 swamp worms
  34 vampire mosquitoes
  50 nagas
  2 hell hounds (Snake:4)
  11 soldier ants (Lair:7)
  11 orc warriors
  7 porcupines
  26 water moccasins
  3 ice beasts
  A necrophage (D:10)
  20 ogres
  4 black bears
  6 sky beasts
  13 swamp drakes
  10 yellow wasps
  4 phantoms
  A boring beetle (Lair:6)
  An orc zombie (D:15)
  Sigmund (D:2)
  Duvessa (D:9)
  10 centaurs
  A manticore skeleton (D:14)
  18 giant frogs
  3 big kobolds
  14 crocodiles
  A gnoll sergeant (D:9)
  16 insubstantial wisps
  5 scorpions
  2 eyes of draining
  6 wights
  A troll skeleton (D:11)
  4 electric eels (D:11)
  8 killer bees
  7 big fish
  3 crimson imps
  3 goliath beetles (Lair:4)
  9 jellies
  5 orc priests
  A soldier ant zombie (D:10)
  4 human zombies
  A basilisk skeleton (D:13)
  2 centaur skeletons (D:11)
  An elf zombie (D:10)
  5 iguanas
  A two-headed ogre skeleton (D:12)
  A two-headed ogre zombie (D:11)
  2 elf skeletons
  16 hounds
  14 orc wizards
  Natasha (thrice) (D:3)
  25 sheep
  28 worker ants
  2 big kobold zombies (Ossuary)
  Ijyb (D:7)
  A hound skeleton (D:8)
  5 mummies
  60 green rats
  23 adders
  16 gnolls
  4 shadow imps
  A steam dragon skeleton (D:8)
  2 orc skeletons
  4 giant mites
  An inept feature mimic (Ossuary)
  5 worms
  An adder skeleton (D:4)
  7 giant geckos
  An ooze (D:1)
  67 orcs
  3 ball pythons
  10 giant cockroaches
  10 goblins
  14 hobgoblins
  21 jackals
  11 quokkas
  8 bats
  5 giant newts
  3 hobgoblin zombies
  29 kobolds
  3 kobold zombies (Ossuary)
  A quokka zombie (D:9)
  21 rats
  A rat skeleton (D:6)
  A spectral orc (D:7)
  3 ballistomycetes
  A plant (Lair:8)
1533 creatures vanquished.

Vanquished Creatures (collateral kills)
  A naga ritualist (Snake:4)
  An ironbrand convoker (Vaults:1)
  3 mana vipers (Snake:3)
  A slime creature (Vaults:1)
  2 blink frogs (Swamp:4)
  2 fire elementals (Snake:4)
  A water moccasin (Snake:1)
  A hell hound (Snake:4)
  A swamp drake (Swamp:5)
  A centaur (D:11)
  Dowan (D:9)
  An orc (Snake:4)
  2 hobgoblins
  A giant spore (D:9)
  A jackal (D:11)
20 creatures vanquished.

Vanquished Creatures (others)
  A vault warden (Vaults:2)
  2 yaktaurs (Vaults:2)
  6 humans (Swamp:3)
  A deep elf fighter (Vaults:3)
  3 ogres (Vaults:1)
  A giant spore (D:13)
  A fungus (Swamp:3)
15 creatures vanquished.

Grand Total: 1568 creatures vanquished

Notes
Turn   | Place    | Note
--------------------------------------------------------------
     0 | D:1      | PolkaDot, the Vampire Enchanter, began the quest for the Orb.
     0 | D:1      | Reached XP level 1. HP: 13/13 MP: 3/3
   280 | D:1      | Reached XP level 2. HP: 19/19 MP: 4/4
   967 | D:1      | Learned a level 2 spell: Ensorcelled Hibernation
  1199 | D:2      | Reached XP level 3. HP: 24/24 MP: 6/6
  1244 | D:2      | Learned a level 3 spell: Confuse
  1321 | D:2      | Reached skill level 5 in Hexes
  1406 | D:2      | Reached skill level 1 in Ice Magic
  1519 | D:2      | Noticed Sigmund
  1651 | D:2      | Reached skill level 5 in Stealth
  1751 | D:2      | Reached XP level 4. HP: 30/30 MP: 0/7
  2256 | D:2      | Killed Sigmund
  2256 | D:2      | Reached XP level 5. HP: 10/35 MP: 1/9
  2655 | D:3      | Reached skill level 6 in Stealth
  2655 | D:3      | Reached XP level 6. HP: 41/41 MP: 10/10
  2875 | D:3      | Noticed Natasha
  2897 | D:3      | Killed Natasha
  2992 | D:3      | Reached skill level 5 in Short Blades
  3251 | D:3      | Noticed Natasha
  3257 | D:3      | Killed Natasha
  3517 | D:3      | Noticed Natasha
  3523 | D:3      | Killed Natasha
  3922 | D:4      | Reached skill level 7 in Stealth
  3922 | D:4      | Reached XP level 7. HP: 46/46 MP: 7/12
  3928 | D:4      | Learned a level 4 spell: Enslavement
  3939 | D:4      | Found a sand-covered staircase.
  3948 | Ossuary  | Entered an ossuary
  4815 | D:4      | Reached skill level 8 in Hexes
  5074 | D:4      | Found a radiant altar of Vehumet.
  5114 | D:4      | Found an iron altar of Okawaru.
  5116 | D:4      | Found a shimmering altar of Xom.
  5116 | D:4      | Found an opulent altar of Gozag.
  5116 | D:4      | Found a stormy altar of Qazlal.
  5241 | D:4      | Reached XP level 8. HP: 52/52 MP: 8/13
  5487 | D:5      | Entered Level 5 of the Dungeon
  5493 | D:5      | Reached skill level 9 in Hexes
  5892 | D:5      | Reached skill level 10 in Hexes
  6780 | D:6      | Got a smoking wooden ring
  6781 | D:6      | Identified the ring "Bops" {EV+4 Str+4 Int+5} (You found it on level 6 of the Dungeon)
  6902 | D:7      | Reached skill level 11 in Hexes
  6906 | D:7      | Found a basalt altar of Yredelemnul.
  6992 | D:7      | Found a staircase to the Ecumenical Temple.
  7002 | Temple   | Entered the Ecumenical Temple
  7153 | Temple   | Became a worshipper of Ashenzari the Shackled
  7232 | D:7      | Reached XP level 9. HP: 57/57 MP: 11/15
  7454 | D:7      | Found an iron altar of Okawaru.
  7571 | D:7      | Reached skill level 10 in Stealth
  7739 | D:7      | Noticed Ijyb
  7745 | D:7      | Killed Ijyb
  8140 | D:8      | Reached skill level 12 in Hexes
  8458 | D:8      | Acquired Ashenzari's first power
  8921 | D:9      | Reached skill level 13 in Hexes
  9089 | D:9      | Noticed Duvessa
  9092 | D:9      | Noticed Dowan
  9101 | D:9      | Killed Dowan
  9122 | D:9      | Killed Duvessa
  9235 | D:9      | Acquired Ashenzari's second power
  9505 | D:10     | Entered Level 10 of the Dungeon
  9656 | D:10     | Noticed a gargoyle
  9708 | D:10     | Killed a gargoyle
  9708 | D:10     | Reached XP level 10. HP: 46/63 MP: 9/16
  9801 | D:10     | Noticed a hill giant
  9825 | D:10     | Killed a hill giant
  9825 | D:10     | Reached skill level 14 in Hexes
 10028 | D:10     | Noticed Gastronok
 10055 | D:10     | Killed Gastronok
 10113 | D:10     | Reached skill level 15 in Hexes
 10322 | D:10     | Noticed a gargoyle
 10327 | D:10     | Killed a gargoyle
 10467 | D:10     | Reached skill level 10 in Short Blades
 10585 | D:10     | Learned a level 3 spell: Dazzling Spray
 10630 | D:11     | Found a portal to a secret trove of treasure.
 10669 | D:11     | Reached XP level 11. HP: 42/68 MP: 8/17
 10704 | D:11     | Noticed a wizard
 10709 | D:11     | Killed a wizard
 10709 | D:11     | Reached skill level 16 in Hexes
 10749 | D:11     | Acquired Ashenzari's third power
 10756 | D:11     | Noticed a cyan very ugly thing
 11044 | D:11     | Found a flagged portal.
 11069 | Bailey   | Entered a bailey
 11255 | Bailey   | Noticed a deep elf knight
 11266 | Bailey   | Killed a deep elf knight
 11417 | Bailey   | Reached skill level 17 in Hexes
 12145 | D:11     | Noticed a hill giant
 12153 | D:11     | Killed a hill giant
 12158 | D:11     | Learned a level 3 spell: Passwall
 12316 | D:11     | Found a staircase to the Lair.
 12597 | D:11     | Noticed a hill giant
 12653 | D:11     | Killed a hill giant
 12653 | D:11     | Reached XP level 12. HP: 74/74 MP: 7/22
 12994 | D:11     | Noticed a white very ugly thing
 13003 | D:11     | Killed a cyan very ugly thing
 13010 | D:11     | Noticed a white very ugly thing
 13016 | D:11     | Killed a white very ugly thing
 13035 | D:11     | Killed a white very ugly thing
 13035 | D:11     | Reached skill level 15 in Stealth
 13046 | D:11     | Noticed a wizard
 13054 | D:11     | a wizard (ally) was killed
 13054 | D:11     | Reached skill level 5 in Spellcasting
 13384 | Lair:1   | Entered Level 1 of the Lair of Beasts
 13471 | Lair:1   | Identified a scroll of acquirement
 13472 | Lair:1   | Identified the cursed +2 helmet of Decompression {rN+} (You acquired it on level 1 of the Lair of Beasts)
 13640 | Lair:1   | Noticed Erica
 13644 | Lair:1   | Killed Erica
 13644 | Lair:1   | Reached skill level 18 in Hexes
 13676 | Lair:1   | Learned a level 6 spell: Invisibility
 13806 | Lair:1   | Acquired Ashenzari's fourth power
 14369 | Lair:2   | Noticed a four-headed hydra
 14373 | Lair:2   | Killed a four-headed hydra
 14422 | Lair:2   | Learned a level 2 spell: Sure Blade
 15244 | Lair:3   | Noticed Nergalle
 15274 | Lair:3   | Killed Nergalle
 16386 | Lair:4   | Reached XP level 13. HP: 79/79 MP: 22/29
 16448 | Lair:4   | Found a labyrinth entrance.
 16458 | Lab      | Entered a labyrinth
 17095 | Lab      | Identified the ring "Qaehua Crasch" {Int+2 SInv}
 17329 | Lair:4   | Found a hole to the Spider Nest.
 17330 | Lair:4   | the hole to the Spider Nest was a mimic.
 17688 | Lair:4   | Reached skill level 19 in Hexes
 18206 | Lair:5   | Reached skill level 10 in Spellcasting
 18215 | Lair:5   | Learned a level 7 spell: Darkness
 18385 | Lair:5   | Found a staircase to the Snake Pit.
 19222 | Lair:6   | Reached XP level 14. HP: 85/85 MP: 26/32
 19499 | Lair:6   | Found a staircase to the Swamp.
 20627 | Lair:8   | Entered Level 8 of the Lair of Beasts
 20790 | Lair:8   | Found a staircase to the Slime Pits.
 20860 | Lair:8   | Reached skill level 20 in Hexes
 21818 | Lair:8   | Reached XP level 15. HP: 90/90 MP: 25/32
 22185 | Lair:8   | Learned a level 3 spell: Flight
 22545 | D:12     | Found a staircase to the Orcish Mines.
 22598 | D:12     | Reached skill level 1 in Fighting
 22839 | D:12     | Noticed Urug
 22851 | D:12     | Killed Urug
 22865 | D:12     | Noticed Fannar
 22869 | D:12     | Killed Fannar
 23337 | D:13     | Found a gate to the Vaults.
 23356 | D:13     | Found Wiusuir's Gadget Boutique.
 24453 | D:14     | Reached skill level 5 in Fighting
 25184 | D:15     | Entered Level 15 of the Dungeon
 25274 | D:15     | Reached skill level 1 in Transmutations
 25365 | D:15     | Reached skill level 1 in Shields
 25375 | D:15     | Found a staircase to the Depths.
 26031 | Swamp:1  | Entered Level 1 of the Swamp
 26056 | Swamp:1  | Reached skill level 1 in Charms
 26286 | Swamp:1  | Noticed Donald
 26295 | Swamp:1  | Killed Donald
 27031 | Swamp:2  | Noticed Rupert
 27037 | Swamp:2  | Killed Rupert
 27037 | Swamp:2  | Reached skill level 5 in Charms
 27275 | Swamp:2  | Noticed Agnes
 27395 | Swamp:2  | Killed Agnes
 27395 | Swamp:2  | Reached XP level 16. HP: 95/110 MP: 4/33
 27641 | Swamp:2  | Noticed Nikola
 27670 | Swamp:2  | Killed Nikola
 27671 | Swamp:2  | Reached skill level 5 in Shields
 28038 | Swamp:3  | Reached skill level 21 in Hexes
 28044 | Swamp:3  | Noticed Kirke
 28051 | Swamp:3  | Killed Kirke
 28381 | Swamp:3  | Learned a level 1 spell: Apportation
 29646 | Swamp:4  | Gained mutation: Your flesh is cold resistant. [potion of beneficial mutation]
 30185 | Swamp:5  | Entered Level 5 of the Swamp
 30280 | Swamp:5  | Reached skill level 10 in Charms
 30963 | Swamp:5  | Noticed the 27-headed Lernaean hydra
 31215 | Swamp:5  | Got a decaying rune of Zot
 31240 | Swamp:5  | Killed the 27-headed Lernaean hydra
 31240 | Swamp:5  | Reached XP level 17. HP: 58/115 MP: 19/34
 31670 | Snake:1  | Entered Level 1 of the Snake Pit
 31834 | Snake:1  | Noticed Aizul
 31839 | Snake:1  | Killed Aizul
 32020 | Snake:1  | Found a radiant altar of Vehumet.
 33008 | Snake:2  | Reached skill level 22 in Hexes
 33014 | Snake:2  | Reached skill level 5 in Dodging
 33450 | Snake:2  | Found Ihumius' Armour Boutique.
 34295 | Snake:3  | Noticed Vashnia
 34295 | Snake:3  | Killed Vashnia
 35169 | Snake:4  | Found Itufiust's Weapon Emporium.
 35629 | Snake:4  | Noticed Wiglaf
 35637 | Snake:4  | Killed Wiglaf
 36011 | Snake:4  | Noticed Saint Roka
 36042 | Snake:4  | Killed Saint Roka
 36408 | Snake:4  | Noticed Azrael
 36529 | Snake:4  | Killed Azrael
 36684 | Snake:4  | Reached XP level 18. HP: 109/121 MP: 21/34
 36968 | Snake:5  | Entered Level 5 of the Snake Pit
 37905 | Snake:5  | Reached skill level 10 in Dodging
 37945 | Snake:5  | Reached skill level 23 in Hexes
 38124 | Snake:5  | Noticed Snorg
 38128 | Snake:5  | Killed Snorg
 38861 | Snake:5  | Learned a level 2 spell: Blink
 39429 | Vaults:1 | Entered Level 1 of the Vaults
 39476 | Vaults:1 | Reached skill level 1 in Translocations
 39802 | Vaults:1 | Found Ulyutz's General Store.
 41782 | Vaults:2 | Reached XP level 19. HP: 140/140 MP: 29/35
 41818 | Vaults:2 | Found a flickering gateway to a bazaar.
 41854 | Bazaar   | Entered a bazaar
 41868 | Bazaar   | Found Pnijiovid's Book Shoppe.
 41868 | Bazaar   | Found Afapnif's Gadget Emporium.
 41872 | Bazaar   | Bought a manual of Stealth for 1214 gold pieces
 41890 | Bazaar   | Found Warara Nopa's Book Shoppe.
 41890 | Bazaar   | Found Trezem's Book Emporium.
 41900 | Bazaar   | Bought a book of Enchantments for 600 gold pieces
 41912 | Bazaar   | Found Bamn's Magic Scroll Shoppe.
 41912 | Bazaar   | Found Jeavaosh's General Store.
 42317 | Vaults:2 | Reached skill level 10 in Fighting
 42835 | Vaults:2 | Found Naobiyjo's Armour Boutique.
 43888 | Vaults:3 | Found a deep blue altar of Sif Muna.
 44224 | Vaults:3 | Found a staircase to the Crypt.
 45884 | Vaults:4 | Noticed Sojobo
 45888 | Vaults:4 | Killed from afar by a tengu reaver

Action                   |  1- 3 |  4- 6 |  7- 9 | 10-12 | 13-15 | 16-18 | 19-21 || total
-------------------------+-------+-------+-------+-------+-------+-------+-------++-------
Melee: Dagger            |   158 |   254 |   629 |   629 |  1171 |  1020 |   401 ||  4262
 Cast: Corona            |     4 |     1 |       |     3 |     2 |     9 |       ||    19
       Ensorcelled Hiber |     2 |    30 |    68 |    74 |   107 |   171 |    52 ||   504
       Confuse           |     7 |     3 |    14 |    37 |    15 |    30 |    23 ||   129
       Enslavement       |       |       |     3 |     9 |       |    13 |     3 ||    28
       Dazzling Spray    |       |       |       |    10 |    19 |    82 |    20 ||   131
       Invisibility      |       |       |       |     2 |    24 |    21 |     8 ||    55
       Passwall          |       |       |       |       |    15 |    25 |       ||    40
       Darkness          |       |       |       |       |     4 |    53 |     9 ||    66
       Flight            |       |       |       |       |    18 |    78 |     4 ||   100
       Sure Blade        |       |       |       |       |     9 |    35 |     2 ||    46
 Abil: End Transformatio |       |       |       |     1 |       |       |     1 ||     2
       Bat Form          |       |       |       |     1 |       |       |     1 ||     2
Evoke: Wand              |       |     1 |     1 |     3 |     8 |       |       ||    13
  Use: Potion            |     2 |     4 |     3 |     4 |     4 |     9 |       ||    26
       Scroll            |       |     6 |    21 |    19 |    15 |     7 |       ||    68
 Stab: Sleeping          |     8 |    20 |    77 |    93 |   323 |   269 |    67 ||   857
       Confused          |     4 |     2 |    11 |    24 |    14 |    20 |    21 ||    96
       Distracted        |       |       |     3 |    11 |     4 |    10 |     4 ||    32
       Invisible         |       |       |     1 |    25 |    49 |   117 |    64 ||   256
       Betrayed ally     |       |       |       |     1 |       |     4 |       ||     5
       Paralysed         |       |       |       |       |       |     2 |       ||     2
